 Dungeon Sprint DCSS version 0.29-a0-359-g541a27f54d (webtiles) character file.

Game seed: 16979509785405604557

102 Zeldest the Insei (level 4, 44/58 HPs)
             Began as a Demonspawn Monk on Apr 28, 2022.
             Quit the game in the Dungeon (Sprint IX: "|||||||||||||||||||||||||||||").
             The game lasted 00:00:19 (35 turns).

Zeldest the Insei (Demonspawn Monk)                   Turns: 35, Time: 00:00:20

Health: 44/58      AC:  2    Str: 14    XL:     4   Next: 50%
Magic:  4/4        EV: 14    Int: 11    God:
Gold:   0          SH:  0    Dex: 15    Spells: 3/3 levels left

rFire   . . .      SeeInvis .     - Unarmed
rCold   . . .      Faith    .   (no shield)
rNeg    . . .      Spirit   .   a - +0 robe
rPois   .          Reflect  .   (no helmet)
rElec   .          Harm     .   (no cloak)
rCorr   .          Rampage  .   (no gloves)
Will    .....      NoTele   +   (no boots)
Stlth   ..........              (no amulet)
HPRegen 0.19/turn               (no ring)
MPRegen 0.09/turn               (no ring)

@: berserking (expiring), very quick
A: hooves 1, ignite blood 1
a: no special abilities


You were in the Dungeon.
You visited 1 branch

Inventory:

Armour
 a - a +0 robe (worn)
Scrolls
 h - a scroll of blinking
Potions
 b - a potion of ambrosia
 c - a potion of curing
 e - a potion of haste
 f - 2 potions of magic


   Skills:
 + Level 5.3 Fighting
 + Level 4.9 Dodging
 - Level 1.7 Stealth
 * Level 6.4 Unarmed Combat


You had 3 spell levels left.
You didn't know any spells.
Your spell library was empty.

Dungeon Overview and Level Annotations

Branches:
Dungeon (1/1)

Altars:


Innate Abilities, Weirdness & Mutations

You have large cloven feet.
Your demonic aura sometimes causes spilled blood to erupt in flames.


Message History

a ball python corpse; a dart slug corpse You feel much better.
You open the door.
An orc, a black bear, an adder, a hound and a white imp come into view.
The adder hisses angrily.
The white imp shouts, "Flee, thou hateful weeb-spouting whip-jack!"
The black bear growls angrily.
The orc shouts!
A red film seems to cover your vision as you go berserk!
You feel yourself moving faster!
You feel mighty! The orc barely misses you.
You feel a strong urge to attack something.
The orc hits you with a +0 trident.
There is an open door here.
You punch the orc!
You kill the orc!
You have reached level 2!
Your demonic ancestry asserts itself...
Your blood heats up.
The black bear bites you. The black bear barely misses you.
The black bear closely misses you.
You see here a +0 trident.
You hit the black bear.
The black bear is lightly wounded.
The black bear closely misses you. The black bear misses you. x2
You punch the black bear!
The black bear is heavily wounded.
You hit the black bear.
The black bear is severely wounded.
The black bear is engulfed in blazing flames.
You kill the black bear!
Your Fighting skill gained 2 levels and is now at level 5!
Your Dodging skill increases to level 4!
Your Unarmed Combat skill gained 3 levels and is now at level 6!
You have reached level 3!
Your experience leads to an increase in your attributes!
Increase (S)trength, (I)ntelligence, or (D)exterity?
You feel stronger. x2; Your demonic ancestry asserts itself...
Your feet thicken and deform.
You have reached level 4!
You feel stronger.
Are you sure you want to abandon this character and quit the game? (Confirm with "yes".)

▓.▓
▓'▓
▓.▓
▓†▓
▓.▓
▓.▓
▓.▓
▓'▓
▓@▓
▓°▓
▓S▓
▓h▓
▓5▓
▓+▓


You could see a hound, an adder and a white imp.

Vanquished Creatures
  A black bear (D)
  A dart slug (D)
  An orc (D)
  A ball python (D)
  2 endoplasms (D)
  A frilled lizard (D)
7 creatures vanquished.

Notes
Turn   | Place    | Note
-------+----------+-------------------------------------------
     0 | D        | Zeldest the Demonspawn Monk began the quest for the Orb.
     0 | D        | Reached XP level 1. HP: 18/18 MP: 1/1
     8 | D        | Reached skill level 3 in Unarmed Combat
    27 | D        | Noticed a black bear
    27 | D        | Noticed a hound
    31 | D        | Gained mutation: Your demonic aura sometimes causes spilled
                  | blood to erupt in flames. [demonic ancestry]
    31 | D        | Reached XP level 2. HP: 24/24 MP: 2/2
    34 | D        | Killed a black bear
    35 | D        | Reached skill level 5 in Fighting
    35 | D        | Reached skill level 6 in Unarmed Combat
    35 | D        | Gained mutation: You have large cloven feet. [demonic
                  | ancestry]
    35 | D        | Reached XP level 3. HP: 33/33 MP: 3/3
    35 | D        | Reached XP level 4. HP: 39/39 MP: 4/4
    35 | D        | Quit the game

Illustrated notes

Levels and vault maps discovered:
D:        linesprint [early_d, line_temple, items_1, d_10, items_2, lair_1,
          lair_end, items_3, orc_1, orc_end, items_4, d_15, swamp_1, shoals_1,
          snake_1, spider_1, d_20, vaults_1, items_5, swamp_end, shoals_end,
          snake_end, spider_end, vaults_end, d_27, items_6, zot_1, zot_end,
          crypt_end, forest_end, elf_end, slime_end, tomb_end, abyss_end,
          pan_hell_end]

Skill      XL: |  1  2 |
---------------+-------+-----
Unarmed Combat | 3 6 |  6.4
Dodging        | 3 4 |  4.9
Fighting       | 5 |  5.3
Stealth        | |  1.7

Action                   |  1- 3 |  4- 6 || total
-------------------------+-------+-------++-------
Melee: Unarmed           |    20 |       ||    20
       Punch             |     2 |       ||     2
  Use: Potion            |     2 |       ||     2
Dodge: Dodged            |    12 |       ||    12

Table legend: (Time is in decaauts)
 A = Elapsed time spent in this place.
 B = Non-inter-level travel time spent in this place.
 C = Inter-level travel time spent in this place.
 D = Time resting spent in this place.
 E = Time spent auto-exploring this place.
 F = Levels seen in this place.
 G = Mean time per level.
                   A        B        C        D        E       F      G
               +--------+--------+--------+--------+--------+-----+--------+
         Total |     32 |     32 |      0 |      0 |      0 |   1 |   32.0 |
       Dungeon |     32 |     32 |      0 |      0 |      0 |   1 |   32.0 |
               +--------+--------+--------+--------+--------+-----+--------+

Top non-repeatable levels by time:
       D: 32 daAuts
